Map: Abiogenesis LE

Players

uHorDaY - Winner!

  • Race: Protoss Protoss
  • League: Gold
  • Spawn Location: 11:00

ILIEKEGGPIE

  • Race: Protoss Protoss
  • League: Platinum
  • Spawn Location: 5:00

VOD

Have the link to the VOD?

Description

Time

  • Played on: April 7, 2018, 10:54 p.m.
  • Length: 5:02
Show
View Real Time Build Order
Export as new Build Order

uHorDaY Protoss - Winner!

Build Orders:  

Get SALT Encoding   

  12  0:02  Probe  
  13  0:14  Pylon  
  13  0:17  Probe  
  14  0:34  Gateway  
  14  0:36  Probe  
  15  0:48  Probe  
  16  0:50  Assimilator  
  16  0:54  Assimilator  
  16  1:00  Probe  
  17  1:15  Pylon  
  17  1:17  Probe  
  18  1:21  Forge  
  18  1:29  Probe  
  19  1:42  Probe  
  20  1:57  Photon Cannon  
  20  2:01  Probe  
  21  2:13  Probe  
  22  2:17  Cybernetics Core  
  22  2:23  Photon Cannon  
  22  2:26  Pylon  
  22  2:45  Photon Cannon  
  22  2:47  Photon Cannon  
  22  2:48  Warp Gate (Chrono Boost)  
  22  3:06  Pylon  
  22  3:17  Photon Cannon  
  22  3:26  Photon Cannon  
  22  3:33  Gateway  
  22  3:36  Gateway  
  22  4:35  Stalker x2  
  22  4:36  Stalker  
  28  4:59  Stalker x3  
Show
View Real Time Build Order
Export as new Build Order

ILIEKEGGPIE Protoss 

Build Orders:  

Get SALT Encoding   

  12  0:01  Probe  
  13  0:13  Probe  
  14  0:17  Pylon  
  14  0:25  Probe  
  15  0:37  Probe  
  15  0:40  Gateway  
  16  0:49  Probe  
  17  0:51  Assimilator  
  17  1:01  Probe  
  18  1:13  Probe  
  19  1:25  Pylon  
  19  1:30  Cybernetics Core  
  18  1:33  Probe  
  19  1:46  Gateway  
  19  1:47  Probe (Chrono Boost)  
  20  1:58  Probe (Chrono Boost)  
  21  2:06  Nexus  
  21  2:16  Assimilator  
  21  2:31  Stalker (Chrono Boost)  
  21  2:43  Forge  
  21  2:55  Pylon  
  21  3:04  Stalker  
  23  3:15  Shield Battery  
  23  3:33  Photon Cannon  
  23  3:44  Probe  
  24  3:50  Cybernetics Core  
  24  3:52  Photon Cannon  
  24  3:54  Photon Cannon  
  24  3:56  Probe  
  23  4:19  Gateway  
  23  4:23  Gateway  
  23  4:54  Robotics Facility  
Tags
 
Matchup
PvP
Replay Pack
Multi
Spawn Locations
Cross Positions
Add a new tag
Caveats
  • Supply blocks, unpowered buildings, or Contaminate may cause inaccurate times.
  • Supply counts are checked every 10 seconds.